 Dungeon Crawl Stone Soup version 0.32-a0-732-ga344392067 (webtiles) character file.

Game seed: 1865302094592328702

24 jasper the Ruffian (level 2, -1/21 HPs)
             Began as a Demonspawn Shapeshifter on Mar 16, 2024.
             Succumbed to an adder's poison
             ... on level 2 of the Dungeon.
             The game lasted 00:03:18 (943 turns).

jasper the Ruffian (Demonspawn Shapeshifter)         Turns: 943, Time: 00:03:19

Health: -1/21      AC:  2    Str: 12 (14) XL:     2   Next: 79%
Magic:  2/2        EV: 11    Int:  7 (10) God:
Gold:   33         SH:  0    Dex: 11 (12) Spells: 1/1 levels left

rFire   . .          .
                       - Unarmed
rCold   . . .        (no shield)
rNeg    . . .        a - +0 animal skin
rPois   .            (helmet currently unavailable)
rElec   .            (cloak currently unavailable)
rCorr   .            (gloves currently unavailable)
SInv    .            (boots currently unavailable)
Will    .....        (no amulet)
Stlth   +            (no ring)
HPRegen 0.23/turn    (no ring)
MPRegen 0.08/turn

%: no passive effects
@: lethally poisoned (-1 -> -6), beast-form
A: beast (slay +1), powered by death 1
a: Begin Untransformation


You were on level 2 of the Dungeon.
You were a hulking beast.
You visited 1 branch of the dungeon, and saw 2 of its levels.

You collected 33 gold pieces.

Inventory:

Missiles
 g - 26 stones (quivered)
Armour
 a - a +0 animal skin (worn)
 e - a +0 pair of boots
Talismans
 c - a beast talisman (active)
 d - a flux talisman
Scrolls
 f - 3 scrolls of identify {unknown}
 h - 2 scrolls of teleportation {unknown}
 k - a scroll of poison {unknown}
 l - a scroll of vulnerability {unknown}
Potions
 b - a potion of lignification
 j - a potion of berserk rage {unknown}
 m - a potion of magic {unknown}


   Skills:
 - Level 1.0 Fighting
 - Level 1.7 Dodging
 + Level 3.7 Unarmed Combat
 - Level 2.6 Shapeshifting


You had one spell level left.
You didn't know any spells.
Your spell library contained the following spells:

 Spells                   Type           Power      Damage    Failure   Level
 Sting                    Conj/Alch      0%         1d3       43%         1
 Mercury Vapours          Alch/Air       0%         N/A       56%         2
 Olgreb's Toxic Radiance  Alch           0%         N/A       99%         4


Dungeon Overview and Level Annotations

Branches:
Dungeon (2/15)

Altars:


Innate Abilities, Weirdness & Mutations

You are a hulking beast.
Your limbs bulge with bestial killing power. (Slay +1)
You regenerate a little health from kills.


Message History

You kill the giant cockroach!
The adder hisses angrily.
You miss the adder. The adder closely misses you.
You hit the adder.
The adder is heavily wounded.
The adder bites you.
You are poisoned.
The adder poisons you!
You take 2 damage, and have 19/21 hp.
You hit the adder.
The adder is almost dead.
You feel sick. The adder bites you. The adder misses you.
You take 3 damage, and have 16/21 hp.
You closely miss the adder.
The adder is almost dead.
You feel sick. The adder bites you.
You take 5 damage, and have 11/21 hp.
MASSIVE DAMAGE!!
You feel sick.
You take 1 damage, and have 10/21 hp.
You closely miss the adder.
The adder is almost dead.
You feel sick. The adder closely misses you.
You hit the adder.
The adder is almost dead.
You feel sick. The adder bites you.
* * * LOW HITPOINT WARNING * * *
You are lethally poisoned!
The adder poisons you! The adder bites you.
* * * LOW HITPOINT WARNING * * *
You take 5 damage, and have 5/21 hp.
MASSIVE DAMAGE!!
You miss the adder.
The adder is almost dead.
* * * LOW HITPOINT WARNING * * *
You feel sick. The adder bites you.
* * * LOW HITPOINT WARNING * * *
You take 4 damage, and have 1/21 hp.
It was a potion of degeneration.
There was something very wrong with that liquid.
You feel weakened.
You feel dopey.
You feel clumsy.
You die...

#.# #.# .... ###.######.#
.... #........#.####.
..... ###.####......>...
..... #...# #.....#...
......
##.######.....#+#+#......
.....................#
.#.#++#.#........S...#
...# #........$h....#
.### ###............#
.'.# +.#+#.#+##......
††.# +.#.#.# ######
.########.#<#.#
...#..#....##.#
.#.#''#.#.....#
..........#####
.##.............


You could see an adder.

Vanquished Creatures
  A dart slug (D:1)
  2 endoplasms (D:2)
  3 giant cockroaches
  2 goblins
  2 hobgoblins
  3 kobolds (D:1)
  4 ball pythons
  3 rats (D:1)
20 creatures vanquished.

Notes
Turn   | Place    | Note
-------+----------+-------------------------------------------
     0 | D:1      | jasper the Demonspawn Shapeshifter began the quest for the
                  | Orb.
     0 | D:1      | Reached XP level 1. HP: 15/15 MP: 1/1
    92 | D:1      | Reached skill level 3 in Unarmed Combat
   213 | D:1      | Gained mutation: You regenerate a little health from kills.
                  | [demonic ancestry]
   213 | D:1      | Reached XP level 2. HP: 21/21 MP: 2/2
   942 | D:2      | HP: 1/21 [adder (3)]
   943 | D:2      | Succumbed to an adder's poison

Illustrated notes

Levels and vault maps discovered:
D:1:      lightli_arrival_statuegarden, layout_basic, minmay_tetromino_i4
D:2:      layout_basic, dreamdust_ecumenical_altar_drowned_temple, st_stairs_8,
          minmay_mini_jars

Skill      XL: |  1 |
---------------+----+-----
Unarmed Combat | 3 |  3.7
Fighting       | |  1.0
Dodging        | |  1.7
Shapeshifting  | |  2.6

Action                     || total
---------------------------++-------
  Melee: Unarmed           ||    56
         Punch             ||     2
    Use: Potion            ||     1
 Armour: Animal skin       ||    27
  Dodge: Dodged            ||    24

Table legend: (Time is in decaauts)
 A = Elapsed time spent in this place.
 B = Non-inter-level travel time spent in this place.
 C = Inter-level travel time spent in this place.
 D = Time resting spent in this place.
 E = Time spent auto-exploring this place.
 F = Levels seen in this place.
 G = Mean time per level.
                   A        B        C        D        E       F      G
               +--------+--------+--------+--------+--------+-----+--------+
         Total |    940 |    884 |     56 |     98 |    317 |   2 |  470.0 |
       Dungeon |    940 |    884 |     56 |     98 |    317 |   2 |  470.0 |
               +--------+--------+--------+--------+--------+-----+--------+

Top non-repeatable levels by time:
     D:1: 817 daAuts
     D:2: 122 daAuts
